TOP OF THE 1ST |
Northwest Arkansas Naturals batting - Pitching for Birmingham Barons : LHP Matt Granados
|
Pitching: LHP Matt Granados
|
|
Batting: SHB Ryoji Hiraoka
|
0-0: Called Strike 0-1: SINGLE (Groundball, 6MD, EV 83.8 MPH) (infield hit)
|
Batting: RHB Kazuki Arai
|
0-0: Foul Ball, location: 2F 0-1: Ball 1-1: Swinging Strike 1-2: Ball 2-2: Foul Ball, location: 2F 2-2: Grounds into double play, 4-6-3 (Groundball, 4, EV 98.8 MPH)
|
Batting: RHB Alex Cid
|
0-0: Ball 1-0: Ball 2-0: Called Strike 2-1: SINGLE (Groundball, 4MD, EV 95.6 MPH)
|
Batting: RHB Andy Urquhart
|
0-0: Called Strike 0-1: Ball 1-1: Foul Ball, location: 2F 1-2: Ball 2-2: Ball 3-2: Strikes out swinging
|
Top of the 1st over - 0 runs, 2 hits, 0 errors, 1 left on base; Northwest Arkansas 0 - Birmingham 0 |
BOTTOM OF THE 1ST |
Birmingham Barons batting - Pitching for Northwest Arkansas Naturals : RHP Philip Terrell
|
Pitching: RHP Philip Terrell
|
|
Batting: SHB Jay Gagnon
|
0-0: Called Strike 0-1: Ball 1-1: Ball 2-1: Foul Ball, location: 2F 2-2: Strikes out swinging
|
Batting: LHB Larry Myers
|
0-0: Called Strike 0-1: Swinging Strike 0-2: Ball 1-2: Fly out, F7 (Line Drive, 7S, EV 109.4 MPH)
|
Batting: SHB Ruben Velasco Jr.
|
0-0: Ball 1-0: Swinging Strike 1-1: Foul Ball, location: 2F 1-2: Strikes out swinging, 2-3 out at first.
|
Bottom of the 1st over - 0 runs, 0 hits, 0 errors, 0 left on base; Northwest Arkansas 0 - Birmingham 0 |
TOP OF THE 2ND |
Northwest Arkansas Naturals batting - Pitching for Birmingham Barons : LHP Matt Granados
|
Batting: RHB Edwin Ramos
|
0-0: Fly out, F5 (Popup, 5SF, EV 75.0 MPH)
|
Batting: RHB William Lung
|
0-0: Foul Ball, location: 2F 0-1: Ball 1-1: Ball 2-1: Foul Ball, location: 2F 2-2: Fly out, F7 (Line Drive, 7S, EV 95.6 MPH)
|
Batting: RHB Chad Sullivan
|
0-0: Called Strike 0-1: Ball 1-1: Ball 2-1: Fly out, F7 (Flyball, 7D, EV 93.1 MPH)
|
Top of the 2nd over - 0 runs, 0 hits, 0 errors, 0 left on base; Northwest Arkansas 0 - Birmingham 0 |
BOTTOM OF THE 2ND |
Birmingham Barons batting - Pitching for Northwest Arkansas Naturals : RHP Philip Terrell
|
Batting: LHB Dalton Silveira
|
0-0: Called Strike 0-1: Ball 1-1: Swinging Strike 1-2: Ball 2-2: Strikes out swinging
|
Batting: LHB Matt Hyde
|
0-0: Called Strike 0-1: Fly out, F7 (Line Drive, 78M, EV 85.0 MPH)
|
Batting: RHB Josiah Wright
|
0-0: Ball 1-0: Called Strike 1-1: Foul Ball, location: 2F 1-2: Foul Ball, location: 2F 1-2: Ball 2-2: Foul Ball, location: 2F 2-2: Ground out U3 (Groundball, 34, EV 85.6 MPH)
|
Bottom of the 2nd over - 0 runs, 0 hits, 0 errors, 0 left on base; Northwest Arkansas 0 - Birmingham 0 |
TOP OF THE 3RD |
Northwest Arkansas Naturals batting - Pitching for Birmingham Barons : LHP Matt Granados
|
Batting: RHB Eric Erickson
|
0-0: Called Strike 0-1: Swinging Strike 0-2: Ball 1-2: Ball 2-2: Strikes out looking
|
Batting: SHB Danny Ballenger
|
0-0: Called Strike 0-1: Swinging Strike 0-2: Foul Ball, location: 2F 0-2: Ball 1-2: Foul Ball, location: 2F 1-2: Ball 2-2: Ball 3-2: Foul Ball, location: 2F 3-2: Ground out U3 (Groundball, 3, EV 91.2 MPH)
|
Batting: SHB Ryoji Hiraoka
|
0-0: Foul Ball, location: 2F 0-1: Foul Ball, location: 2F 0-2: Ball 1-2: Strikes out looking
|
Top of the 3rd over - 0 runs, 0 hits, 0 errors, 0 left on base; Northwest Arkansas 0 - Birmingham 0 |
BOTTOM OF THE 3RD |
Birmingham Barons batting - Pitching for Northwest Arkansas Naturals : RHP Philip Terrell
|
Batting: RHB Toichiro Fujimoto
|
0-0: Called Strike 0-1: Ball 1-1: Called Strike 1-2: Ball 2-2: Ball 3-2: Foul Ball, location: 2F 3-2: Foul Ball, location: 2F 3-2: Fly out, F7 (Flyball, 7, EV 76.9 MPH)
|
Batting: SHB Josh Conner
|
0-0: Ball 1-0: Ball 2-0: Called Strike 2-1: Ground out 4-3 (Groundball, 4S, EV 85.6 MPH)
|
Batting: RHB John Iddings
|
0-0: Called Strike 0-1: Swinging Strike 0-2: Foul Ball, location: 2F 0-2: Ball 1-2: Strikes out looking
|
Bottom of the 3rd over - 0 runs, 0 hits, 0 errors, 0 left on base; Northwest Arkansas 0 - Birmingham 0 |
TOP OF THE 4TH |
Northwest Arkansas Naturals batting - Pitching for Birmingham Barons : LHP Matt Granados
|
Batting: RHB Kazuki Arai
|
0-0: Called Strike 0-1: Swinging Strike 0-2: Strikes out swinging
|
Batting: RHB Alex Cid
|
0-0: Ball 1-0: Fly out, F5 (Flyball, 5D, EV 86.2 MPH)
|
Batting: RHB Andy Urquhart
|
0-0: Called Strike 0-1: Called Strike 0-2: Ball 1-2: Foul Ball, location: 2F 1-2: Ball 2-2: Ball 3-2: Foul Ball, location: 2F 3-2: SINGLE (Groundball, 56D, EV 100.0 MPH)
|
Batting: RHB Edwin Ramos
|
0-0: Foul Ball, location: 2F 0-1: Foul Ball, location: 2F 0-2: Foul Ball, location: 2F 0-2: Ball 1-2: Strikes out swinging, 2-3 out at first.
|
Top of the 4th over - 0 runs, 1 hit, 0 errors, 1 left on base; Northwest Arkansas 0 - Birmingham 0 |
BOTTOM OF THE 4TH |
Birmingham Barons batting - Pitching for Northwest Arkansas Naturals : RHP Philip Terrell
|
Batting: SHB Jay Gagnon
|
0-0: Ball 1-0: Foul Ball, location: 2F 1-1: Ball 2-1: Ball 3-1: Foul Ball, location: 2F 3-2: Base on Balls
|
Batting: LHB Larry Myers
|
0-0: Ball Jay Gagnon steals 2nd base 1-0: Ball 2-0: Swinging Strike 2-1: Fly out, F4 (Line Drive, 4, EV 75.0 MPH)
|
Batting: SHB Ruben Velasco Jr.
|
0-0: Swinging Strike 0-1: Foul Ball, location: 2F 0-2: Foul Ball, location: 2F 0-2: Foul Ball, location: 2F 0-2: Ball 1-2: Ball 2-2: Ball 3-2: Fly out, F7 (Line Drive, 7LM, EV 96.2 MPH)
|
Batting: LHB Dalton Silveira
|
0-0: SINGLE (Groundball, 3D, EV 96.2 MPH) Jay Gagnon to third Runner from 3rd tries for Home, SAFE, throw by RF to home Dalton Silveira to second
|
Batting: LHB Matt Hyde
|
0-0: Ground out 6-3 (Groundball, 6, EV 82.5 MPH)
|
Bottom of the 4th over - 1 run, 1 hit, 0 errors, 1 left on base; Northwest Arkansas 0 - Birmingham 1 |
TOP OF THE 5TH |
Northwest Arkansas Naturals batting - Pitching for Birmingham Barons : LHP Matt Granados
|
Batting: RHB William Lung
|
0-0: Ball 1-0: Ball 2-0: Called Strike 2-1: Ball 3-1: Base on Balls
|
Batting: RHB Chad Sullivan
|
0-0: Ball 1-0: Swinging Strike 1-1: Fly out, F8 (Flyball, 8LXD, EV 99.4 MPH)
|
Batting: RHB Eric Erickson
|
0-0: Called Strike 0-1: Swinging Strike 0-2: Ground out U3 (Groundball, 3S, EV 68.8 MPH) William Lung to second
|
Batting: SHB Danny Ballenger
|
0-0: Ball 1-0: Ball 2-0: Foul Ball, location: 2F 2-1: Ball 3-1: Foul Ball, location: 2F 3-2: Strikes out swinging
|
Top of the 5th over - 0 runs, 0 hits, 0 errors, 1 left on base; Northwest Arkansas 0 - Birmingham 1 |
BOTTOM OF THE 5TH |
Birmingham Barons batting - Pitching for Northwest Arkansas Naturals : RHP Philip Terrell
|
Batting: RHB Josiah Wright
|
0-0: Called Strike 0-1: Foul Ball, location: 2F 0-2: Ball 1-2: Ball 2-2: Ball 3-2: Foul Ball, location: 2F 3-2: Foul Ball, location: 2F 3-2: Base on Balls
|
Batting: RHB Toichiro Fujimoto
|
0-0: Fly out, F8 (Flyball, 78XD, EV 96.2 MPH)
|
Batting: SHB Josh Conner
|
0-0: Hit by Pitch Josiah Wright to second
|
Batting: RHB John Iddings
|
0-0: Swinging Strike 0-1: Foul Ball, location: 2F 0-2: Ball 1-2: Ball 2-2: Fielders Choice at 2nd, 6-4 (Groundball, 6, EV 83.8 MPH) Josiah Wright to third
|
Batting: SHB Jay Gagnon
|
0-0: Foul Ball, location: 2F 0-1: Ball 1-1: Ball 2-1: Called Strike 2-2: Ball 3-2: SINGLE (Groundball, 6D, EV 98.1 MPH) Josiah Wright scores John Iddings to second John Iddings to third
|
Batting: LHB Larry Myers
|
0-0: DOUBLE (Flyball, 78D, EV 95.6 MPH) John Iddings scores Jay Gagnon to third Runner from 3rd tries for Home, throw by CF and OUT! 8-6-2
|
Bottom of the 5th over - 2 runs, 2 hits, 0 errors, 1 left on base; Northwest Arkansas 0 - Birmingham 3 |
TOP OF THE 6TH |
Northwest Arkansas Naturals batting - Pitching for Birmingham Barons : LHP Matt Granados
|
Batting: SHB Ryoji Hiraoka
|
0-0: Ball 1-0: Ball 2-0: TRIPLE (Flyball, 78XD, EV 97.5 MPH)
|
Batting: RHB Kazuki Arai
|
0-0: Fly out, F9 (Line Drive, 9, EV 87.5 MPH) Runner from 3rd tags up, SCORES, throw by RF
|
Batting: RHB Alex Cid
|
0-0: Called Strike 0-1: Fly out, F8 (Flyball, 89XD, EV 87.5 MPH)
|
Batting: RHB Andy Urquhart
|
0-0: Called Strike 0-1: Ball 1-1: Ball 2-1: Called Strike 2-2: Ball 3-2: Foul Ball, location: 2F 3-2: Foul Ball, location: 2F 3-2: Base on Balls
|
Pitching: RHP Jon Manwaring
|
|
Batting: RHB Edwin Ramos
|
0-0: Foul Ball, location: 2F 0-1: Ball 1-1: Foul Ball, location: 2F 1-2: Ground out 4-3 (Groundball, 34S, EV 70.0 MPH)
|
Top of the 6th over - 1 run, 1 hit, 0 errors, 1 left on base; Northwest Arkansas 1 - Birmingham 3 |
BOTTOM OF THE 6TH |
Birmingham Barons batting - Pitching for Northwest Arkansas Naturals : RHP Philip Terrell
|
Batting: SHB Ruben Velasco Jr.
|
0-0: Swinging Strike 0-1: Ball 1-1: Ground out U3 (Groundball, 3, EV 91.9 MPH)
|
Batting: LHB Dalton Silveira
|
0-0: Foul Ball, location: 2F 0-1: Swinging Strike 0-2: Strikes out swinging
|
Batting: LHB Matt Hyde
|
0-0: Foul Ball, location: 2F 0-1: Foul Ball, location: 2F 0-2: Ball 1-2: Ground out 5-3 (Groundball, 56S, EV 86.2 MPH)
|
Bottom of the 6th over - 0 runs, 0 hits, 0 errors, 0 left on base; Northwest Arkansas 1 - Birmingham 3 |
TOP OF THE 7TH |
Northwest Arkansas Naturals batting - Pitching for Birmingham Barons : RHP Jon Manwaring
|
Batting: RHB William Lung
|
0-0: Called Strike 0-1: Foul Ball, location: 2F 0-2: Foul Ball, location: 2F 0-2: Ball 1-2: Ground out 4-3 (Groundball, 34, EV 101.2 MPH)
|
Batting: RHB Chad Sullivan
|
0-0: Ball 1-0: Ball 2-0: Ball 3-0: Called Strike 3-1: SINGLE (Flyball, 34D, EV 90.0 MPH)
|
Batting: RHB Eric Erickson
|
0-0: Called Strike 0-1: Ball Chad Sullivan steals 2nd base 1-1: Ball 2-1: Ball 3-1: SINGLE (Flyball, 34D, EV 86.2 MPH) Chad Sullivan to third
|
Batting: SHB Danny Ballenger
|
0-0: Called Strike Eric Erickson steals 2nd base 0-1: Ball 1-1: Ball 2-1: Foul Ball, location: 2F 2-2: Ball 3-2: Foul Ball, location: 2F 3-2: Ground out 4-3 (Groundball, 4, EV 105.6 MPH) Chad Sullivan scores Eric Erickson to third
|
Batting: SHB Ryoji Hiraoka
|
0-0: Ball 1-0: Foul Ball, location: 2F 1-1: Swinging Strike 1-2: Strikes out swinging
|
Top of the 7th over - 1 run, 2 hits, 0 errors, 1 left on base; Northwest Arkansas 2 - Birmingham 3 |
BOTTOM OF THE 7TH |
Birmingham Barons batting - Pitching for Northwest Arkansas Naturals : RHP Philip Terrell
|
Batting: LHB Justin Stickney
|
0-0: Called Strike 0-1: Called Strike 0-2: Fly out, F7 (Flyball, 78M, EV 90.0 MPH)
|
Batting: RHB Toichiro Fujimoto
|
0-0: Ball 1-0: Ball 2-0: Ball 3-0: Called Strike 3-1: Called Strike 3-2: Base on Balls
|
Pitching: RHP Justin Potts
|
|
Batting: SHB Josh Conner
|
0-0: Ball 1-0: Ball 2-0: Ball 3-0: Called Strike 3-1: Base on Balls Toichiro Fujimoto to second
|
Pinch Hitting: LHB Ryan Dyal
|
0-0: Ball 1-0: Fly out, F9 (Line Drive, 9, EV 88.1 MPH)
|
Batting: SHB Jay Gagnon
|
0-0: Foul Ball, location: 2F 0-1: 3-RUN HOME RUN (Flyball, 9LD, EV 96.9 MPH), Distance : 369 ft
|
Batting: LHB Larry Myers
|
0-0: Swinging Strike 0-1: Foul Ball, location: 2F 0-2: Ball 1-2: Foul Ball, location: 2F 1-2: Strikes out swinging
|
Bottom of the 7th over - 3 runs, 1 hit, 0 errors, 0 left on base; Northwest Arkansas 2 - Birmingham 6 |
TOP OF THE 8TH |
Northwest Arkansas Naturals batting - Pitching for Birmingham Barons : RHP Jon Manwaring
|
Pitching: LHP Mark Sharrett
|
|
Now at SS: Ethan McCullough
|
|
Batting: RHB Kazuki Arai
|
0-0: Ball 1-0: Foul Ball, location: 2F 1-1: TRIPLE (Flyball, 9LD, EV 88.8 MPH)
|
Batting: RHB Alex Cid
|
0-0: Ball 1-0: Called Strike 1-1: Ball 2-1: Fly out, F8 (Flyball, 8LM, EV 78.1 MPH) Runner from 3rd tags up, SCORES, throw by CF
|
Batting: RHB Andy Urquhart
|
0-0: Swinging Strike 0-1: Ball 1-1: Foul Ball, location: 2F 1-2: Strikes out swinging
|
Batting: RHB Edwin Ramos
|
0-0: Called Strike 0-1: SOLO HOME RUN (Flyball, 78XD, EV 97.5 MPH), Distance : 404 ft
|
Batting: RHB William Lung
|
0-0: Fly out, F9 (Flyball, 89M, EV 90.6 MPH)
|
Top of the 8th over - 2 runs, 2 hits, 0 errors, 0 left on base; Northwest Arkansas 4 - Birmingham 6 |
BOTTOM OF THE 8TH |
Birmingham Barons batting - Pitching for Northwest Arkansas Naturals : RHP Justin Potts
|
Batting: SHB Ruben Velasco Jr.
|
0-0: Called Strike 0-1: Ball 1-1: Swinging Strike 1-2: Strikes out swinging
|
Batting: LHB Dalton Silveira
|
0-0: Ball 1-0: Ball 2-0: Ball 3-0: Foul Ball, location: 2F 3-1: Called Strike 3-2: Base on Balls
|
Batting: LHB Matt Hyde
|
0-0: Called Strike Dalton Silveira steals 2nd base 0-1: Foul Ball, location: 2F 0-2: Strikes out swinging
|
Batting: LHB Justin Stickney
|
0-0: SINGLE (Groundball, 4MD, EV 101.9 MPH) Dalton Silveira to third Runner from 3rd tries for Home, SAFE, throw by CF to home
|
Pitching: RHP Matthew Orphan
|
|
Batting: RHB Toichiro Fujimoto
|
0-0: Called Strike Justin Stickney is caught stealing 2nd base 2-4
|
Bottom of the 8th over - 1 run, 1 hit, 0 errors, 0 left on base; Northwest Arkansas 4 - Birmingham 7 |
TOP OF THE 9TH |
Northwest Arkansas Naturals batting - Pitching for Birmingham Barons : LHP Mark Sharrett
|
Pitching: RHP Maury Compson
|
|
Now in RF: Mike Savage
|
|
Batting: RHB Chad Sullivan
|
0-0: Called Strike 0-1: Ball 1-1: Ground out 6-3 (Groundball, 6M, EV 78.8 MPH)
|
Batting: RHB Eric Erickson
|
0-0: Ball 1-0: Foul Ball, location: 2F 1-1: Swinging Strike 1-2: Ground out 6-3 (Groundball, 6M, EV 91.2 MPH)
|
Batting: SHB Danny Ballenger
|
0-0: Called Strike 0-1: Foul Ball, location: 2F 0-2: Foul Ball, location: 2F 0-2: Strikes out looking
|
Top of the 9th over - 0 runs, 0 hits, 0 errors, 0 left on base; Northwest Arkansas 4 - Birmingham 7 |
|